 Dungeon Crawl Stone Soup version 0.29.0-13-gc9e81de378 (webtiles) character file.

Game seed: 15244037511077708232

81 mortz the Conjurer (level 4, 24/24 HPs)
             Began as a Kobold Conjurer on Sept 10, 2022.
             Was a Plaything of Xom.
             Quit the game on level 2 of the Dungeon.
             The game lasted 00:06:35 (2088 turns).

mortz the Conjurer (Kobold Conjurer)                Turns: 2088, Time: 00:06:36

Health: 24/24      AC:  7    Str:  4    XL:     4   Next: 68%
Magic:  8/8        EV: 15    Int: 21    God:    Xom [..*...]
Gold:   85         SH:  0    Dex: 13    Spells: 3/8 levels left

rFire   . . .      SeeInvis .   j - +0 dagger
rCold   . . .      Faith    .   (no shield)
rNeg    . . .      Spirit   .   a - +0 robe
rPois   .          Reflect  .   (no helmet)
rElec   .          Harm     .   g - +0 cloak
rCorr   +          Rampage  .   (no gloves)
Will    .....                   (no boots)
Stlth   +++.......              (no amulet)
HPRegen 0.08/turn               k - ring of resist corrosion
MPRegen 0.11/turn               l - +4 ring of protection

@: no status effects
A: small, no large weapons, nightstalker 3
a: Renounce Religion


You were on level 2 of the Dungeon.
You worshipped Xom.
You were a toy of Xom.
You visited 1 branch of the dungeon, and saw 2 of its levels.

You collected 85 gold pieces.

Inventory:

Hand Weapons
 h - a +0 short sword
 j - a +0 dagger (weapon)
 n - a +0 hand axe
 p - a +0 short sword
Armour
 a - a +0 robe (worn)
 g - a +0 cloak (worn)
Jewellery
 k - a ring of resist corrosion (left hand)
 l - a +4 ring of protection (right hand)
Scrolls
 c - 2 scrolls of poison {unknown}
 d - a scroll of magic mapping {unknown}
 e - a scroll of silence {unknown}
 f - a scroll of noise {unknown}
 i - a scroll of identify {unknown}
 m - a scroll of enchant weapon {unknown}
Potions
 b - 2 potions of magic
 o - 2 potions of resistance {unknown}


   Skills:
 + Level 3.0 Dodging
 + Level 3.2 Stealth
 - Level 0.1 Unarmed Combat
 + Level 2.8 Spellcasting
 + Level 5.0 Conjurations


You had 3 spell levels left.
You knew the following spells:

 Your Spells              Type           Power      Damage    Failure   Level
a - Magic Dart            Conj           96%        1d7       1%          1
b - Searing Ray           Conj           48%        2d6       2%          2
c - Passwall              Tmut/Erth      1%         N/A       21%         2

Your spell library contained the following spells:

 Spells                   Type           Power      Damage    Failure   Level
 Dazzling Flash           Conj/Hex       26%        N/A       14%         3
 Ensorcelled Hibernation  Hex/Ice        4%         N/A       21%         2
 Swiftness                Air            2%         N/A       38%         3
 Fulminant Prism          Conj/Hex       6%         3d7       43%         4
 Iskenderun's Mystic Bla  Conj/Tloc      13%        2d5       43%         4


Dungeon Overview and Level Annotations

Branches:
Dungeon (2/15) Zot: 9912

Altars:
Xom

Annotations:
D:2 Natasha


Innate Abilities, Weirdness & Mutations

You are small and have problems with some larger weapons.
You are completely attuned to the shadows.


Message History

Magic restored.
b - 2 potions of magic (gained 1)
There is an empty arch of ancient stone here.
There is an empty arch of ancient stone here.
Found a sling.
Found a chain mail.
You now have 80 gold pieces (gained 1).
As you open the door, it creaks loudly!
You hear an angry hiss.
A hobgoblin comes into view.
The hobgoblin shouts!
The magic dart hits the hobgoblin.
You kill the hobgoblin!
A ball python comes into view.
The magic dart hits the ball python.
The ball python is severely wounded.
The magic dart hits the ball python.
You kill the ball python!
You see here a ball python corpse.
You now have 85 gold pieces (gained 5).
You pick up a book of Burglary and begin reading...
You add the spells Passwall, Ensorcelled Hibernation and Swiftness to your library.
Memorise Passwall, consuming 2 spell levels and leaving 3?
You start memorising the spell.
You continue memorising. x2
You finish memorising.
Spell assigned to 'c'.
Natasha, Servant of Life and Death comes into view.
Natasha moves out of view.
A kobold comes into view. It is wielding a +0 short sword.
The helpless kobold fails to defend itself.
You puncture the kobold!
You kill the kobold!
Things that are here:
a +0 short sword; a kobold corpse
p - a +0 short sword
Found a faded altar of an unknown god.
There is a faded altar of an unknown god here.
You cannot tell which god this altar belongs to.
Convert to them anyway?
Xom accepts your prayer! Xom welcomes you!
Xom is very intrigued!
Are you sure you want to abandon this character and quit the game? (Confirm with "yes".)

#############
######...........#
#@.....8..8.[∩...#
#...........)....#
#................#
#♣.....∩..8......#
##................#
##.................#
#.....∩..∩..∩..∩...#
###..................#
#..................###


There were no monsters in sight!

Vanquished Creatures
  Natasha (twice) (D:2)
  3 bats (D:1)
  4 endoplasms (D:1)
  3 giant cockroaches (D:1)
  2 goblins (D:1)
  5 hobgoblins
  3 quokkas (D:1)
  2 ball pythons
  A frilled lizard (D:2)
  4 kobolds
  2 rats (D:1)
31 creatures vanquished.

Notes
Turn   | Place    | Note
-------+----------+-------------------------------------------
     0 | D:1      | mortz the Kobold Conjurer began the quest for the Orb.
     0 | D:1      | Reached XP level 1. HP: 10/10 MP: 3/3
   242 | D:1      | Reached XP level 2. HP: 15/15 MP: 0/5
   245 | D:1      | Learned a level 2 spell: Searing Ray
   989 | D:1      | Reached XP level 3. HP: 18/19 MP: 0/6
  1633 | D:2      | Noticed Natasha
  1748 | D:2      | Killed Natasha
  1749 | D:2      | Reached XP level 4. HP: 24/24 MP: 2/8
  1782 | D:2      | Noticed Natasha
  1822 | D:2      | Killed Natasha
  1823 | D:2      | Reached skill level 5 in Conjurations
  1994 | D:2      | Learned a level 2 spell: Passwall
  2023 | D:2      | Noticed Natasha
  2082 | D:2      | Found a faded altar of an unknown god.
  2087 | D:2      | Prayed at the altar of an unknown god.
  2087 | D:2      | Became a worshipper of Xom of Chaos
  2088 | D:2      | Quit the game

Illustrated notes

Levels and vault maps discovered:
D:1:      dpeg_arrival_lava_altar, layout_basic, corner_web_ring
D:2:      layout_rooms, hellmonk_ecumenical_altar_arch_garden,
          dk_noncrumbling_2, minmay_hexomino_f4, uniq_natasha, uniq_sigmund

Skill      XL: |  1  2  3  4 |
---------------+-------------+-----
Stealth        | 3 |  3.2
Dodging        | 3 |  3.0
Conjurations   | 5 |  5.0
Unarmed Combat | |  0.1
Spellcasting   | |  2.8

Action                   |  1- 3 |  4- 6 || total
-------------------------+-------+-------++-------
Melee: Unarmed           |    33 |       ||    33
       Short sword       |     1 |       ||     1
       Dagger            |       |     1 ||     1
 Cast: Magic Dart        |    42 |     4 ||    46
       Searing Ray       |     4 |     1 ||     5
 Stab: Sleeping          |     1 |     1 ||     2
Armor: Robe              |     8 |       ||     8
Dodge: Dodged            |    33 |       ||    33
